 Dungeon Crawl Stone Soup version 0.21.1-1-g345015f (webtiles) character file.

66295 infcreate the Severer (level 14, -1/130 HPs)
             Began as a Minotaur Fighter on June 10, 2018.
             Was the Champion of the Shining One.
             Killed by divine providence
             ... invoked by an orc priest
              (14 damage)
             ... on level 2 of the Orcish Mines.
             The game lasted 01:26:35 (18191 turns).

infcreate the Severer (Minotaur Fighter)           Turns: 18191, Time: 01:26:35

Health: -1/130     AC: 19    Str: 28      XL:     14   Next: 78%
Magic:  17/17      EV: 13    Int:  7 (9)  God:    the Shining One [******]
Gold:   2093       SH: 22    Dex: 10      Spells: 13/13 levels left

rFire    + . .     SeeInvis .   z - +3 broad axe "Xouxec" {freeze, Int+4}
rCold    x . .     Gourm    .   c - +0 shield
rNeg     + + +     Faith    .   i - +1 plate armour
rPois    .         Spirit   .   (helmet restricted)
rElec    +         Reflect  .   j - +0 cloak
rCorr    .         Harm     .   r - +2 pair of gloves
MR       +....                  x - +0 pair of boots
Stlth    ..........             y - amulet of the Air {Inacc +Fly rElec EV+5 RMsl}
HPRegen  0.31/turn              L - ring of fire
MPRegen  0.15/turn              K - +2 ring of strength

@: divine shield, corroded, berserk cooldown, slowed, glowing, repel missiles,
very slow
A: retaliatory headbutt, horns 2
a: Divine Shield, Cleansing Flame, Summon Divine Warrior, Brand Weapon With Holy
Wrath, Renounce Religion, Evoke Flight


You were on level 2 of the Orcish Mines.
You worshipped the Shining One.
The Shining One was exalted by your worship.
You were not hungry.

You visited 3 branches of the dungeon, and saw 19 of its levels.
You also visited: Labyrinth and Volcano.

You collected 2265 gold pieces.
You spent 172 gold pieces at shops.

Inventory:

Hand Weapons
 z - the +3 broad axe "Xouxec" (weapon) {freeze, Int+4}
   (You found it on level 6 of the Dungeon)

   It has been specially enchanted to freeze those struck by it, causing extra
   injury to most foes and up to half again as much damage against particularly
   susceptible opponents.
   It can also slow down cold-blooded creatures.
   It affects your intelligence (+4).
 I - the +8 frozen axe "Frostbite" {freezing cloud, *Noise +Fly rC+}
   (You found it on level 1 of the Lair of Beasts)

   It has been specially enchanted to freeze those struck by it, causing extra
   injury to most foes and up to half again as much damage against particularly
   susceptible opponents.
   It can also slow down cold-blooded creatures.
   It protects you from cold.
   It lets you fly.
   It may make noises in combat.
Armour
 c - a +0 shield (worn)
 i - a +1 plate armour (worn)
 j - a +0 cloak (worn)
 r - a +2 pair of gloves (worn)
 x - a +0 pair of boots (worn)
Jewellery
 y - the amulet of the Air (around neck) {Inacc +Fly rElec EV+5 RMsl}
   (You found it on level 10 of the Dungeon)

   [amulet of inaccuracy]

   It reduces the accuracy of all your attacks.
   It affects your evasion (+5).
   It insulates you from electricity.
   It lets you fly.
   It protects you from missiles.
 H - a +5 ring of dexterity
 K - a +2 ring of strength (right hand)
 L - a ring of fire (left hand)
Wands
 P - a wand of digging (9)
Scrolls
 a - a scroll of magic mapping
 e - 7 scrolls of identify
 h - 5 scrolls of enchant armour
 k - 8 scrolls of fog
 l - 2 scrolls of random uselessness
 n - 7 scrolls of teleportation
 o - 3 scrolls of blinking
 p - a scroll of brand weapon {unknown}
 q - 10 scrolls of remove curse
 t - a scroll of amnesia
 u - a scroll of fear
 B - 3 scrolls of immolation
 E - a scroll of noise
 N - a scroll of enchant weapon {unknown}
Potions
 b - 4 potions of flight
 d - a potion of might
 m - 5 potions of resistance {unknown}
 s - 3 potions of haste
 v - 2 potions of berserk rage
 w - 2 potions of lignification {unknown}
 A - 2 potions of mutation {unknown}
 C - 3 potions of agility {unknown}
 D - 3 potions of magic
 F - 2 potions of ambrosia {unknown}
 G - a potion of cancellation {unknown}
 J - a potion of heal wounds {unknown}
 M - 3 potions of brilliance
Comestibles
 f - 30 rations
 O - a chunk of flesh


   Skills:
 + Level 13.8 Fighting
 + Level 19.0 Axes
 + Level 12.8 Armour
 + Level 13.9 Shields
 * Level 6.2 Invocations


You had 13 spell levels left.
You didn't know any spells.

Dungeon Overview and Level Annotations

Branches:
Dungeon (11/15)            Temple (0/1) D:7            Lair (6/6) D:11
  Swamp (0/4) Lair:4       Spider (0/4) Lair:2        Slime (0/5) Lair:5
    Orc (2/2) D:9             Elf (0/3) Orc:2

Altars:
Cheibriados
Dithmenos
Elyvilon
Fedhas
Hepliaklqana
Kikubaaqudgha
Makhleb
Nemelex Xobeh
Okawaru
Qazlal
Ru
Sif Muna
Uskayaw
Vehumet
Wu Jian
Yredelemnul
Zin
The Shining One
Beogh

Shops:
D:8 %   D:9 ?(%[   D:11 :


Innate Abilities, Weirdness & Mutations

You reflexively headbutt those who attack you in melee.
You have a pair of horns on your head.


Message History

The neqoxec gestures at you.
You feel dopey. Something feeds on your intellect!
The neqoxec gestures.
The orc sorcerer mumbles some strange words.
You see here a leather armour.
You feel a strong urge to attack something.
The orc priest is engulfed in seething chaos.
The orc priest seems to speed up.
Things that are here:
a flail; an orc corpse You are no longer berserk.
You are exhausted.
You feel yourself slow down.
You feel better.
The orc warrior is engulfed in seething chaos.
The orc warrior glows pulsating copper for a moment.
The orc priest mumbles some strange prayers to Beogh against you.
Beogh smites you!
You die... 435.#####. ooo....

.o534. #. # #####ooo######.. #
.....oo§)....... ##
......)o)....... .#####
......)[).#..... #.##.##
#.#.#..o........ ......#### #
##.@........ .........##
##......... .#........##
####...#....
......#....###...................
...#.............................
.................................
.≈≈≈≈≈≈≈≈≈.......................
.≈#######≈.#.....................
.≈#.....#≈.......................


You could see an orc high priest, a rust devil, a neqoxec, an orc sorcerer, an
orc warrior, 7 orc priests and an ufetubus.

Vanquished Creatures
  A minotaur (Lab)
  The ghost of diana the Nimble, a journeyman MfGl of Okawaru (D:11)
  7 hydras
  2 two-headed ogres
  2 catoblepae
  5 death yaks (Lair:5)
  2 orc high priests (Orc:2)
  A hell knight (Volcano)
  The ghost of Kagorn the Skirmisher, a novice GrFi (D:9)
  Pikel (D:5)
  2 orc knights
  The ghost of inc the Gouger, a novice FeTm of Nemelex Xobeh (D:10)
  A wolf spider (Lair:6)
  An oklob plant (Lair:2)
  An ugly thing (Volcano)
  6 elephants (Lair:6)
  A guardian serpent (Lair:6)
  11 black mambas
  A torpor snail (Lair:5)
  A smoke demon (Volcano)
  A gargoyle (D:11)
  17 spiny frogs
  9 komodo dragons
  A rime drake (Lair:6)
  2 kobold demonologists (D:11)
  10 polar bears
  A red devil (Volcano)
  5 trolls
  3 hornets (Lair:6)
  10 hippogriffs
  3 raiju (Lair:6)
  3 slime creatures (Lair:5)
  10 blink frogs
  5 dream sheep (Lair:6)
  A shadow (D:11)
  Sigmund (D:5)
  3 redbacks (Lair:6)
  Grum (D:10)
  6 fire bats (Volcano)
  9 wyverns
  17 yaks
  2 basilisks (Lair:1)
  3 steam dragons
  2 hungry ghosts (D:7)
  3 vampire mosquitoes (D:11)
  14 wargs
  13 hell hounds
  19 water moccasins
  9 porcupines
  3 sky beasts
  19 orc warriors
  An ice beast (D:4)
  3 phantoms
  11 black bears (Lair:6)
  12 ogres
  20 wolves
  A necrophage (D:6)
  A centaur (D:10)
  15 crocodiles
  6 big kobolds
  A gnoll sergeant (Orc:2)
  14 bullfrogs
  A wyvern skeleton (D:11)
  4 scorpions
  5 wights (D:9)
  3 killer bees (D:11)
  2 electric eels
  A howler monkey (D:11)
  7 lava snakes (Volcano)
  3 crimson imps
  A centaur zombie (D:10)
  3 hounds
  5 jellies
  31 orc priests
  A bullfrog zombie (D:5)
  A bullfrog skeleton (D:11)
  2 centaur skeletons
  21 orc wizards
  3 iguanas
  7 worker ants
  A hound zombie (D:9)
  2 hound skeletons
  A mummy (D:5)
  2 worker ant zombies
  8 gnolls (Orc:2)
  A howler monkey skeleton (D:8)
  16 adders
  2 shadow imps
  An adder skeleton (D:4)
  An adder zombie (D:5)
  2 dart slugs
  4 worms
  4 leopard geckos
  97 orcs
  A ball python (D:2)
  2 giant cockroaches
  5 goblins
  7 hobgoblins
  9 jackals
  5 quokkas
  6 bats
  31 kobolds
  A quokka skeleton (D:4)
  5 rats
  4 fungi
  11 plants
669 creatures vanquished.

Vanquished Creatures (others)
  An adder (D:5)
  16 fungi
  36 plants
53 creatures vanquished.

Grand Total: 722 creatures vanquished

Notes
Turn   | Place    | Note
-------+----------+-------------------------------------------
     0 | D:1      | infcreate the Minotaur Fighter began the quest for the Orb.
     0 | D:1      | Reached XP level 1. HP: 19/19 MP: 0/0
   293 | D:1      | Reached XP level 2. HP: 27/27 MP: 1/1
   779 | D:2      | Reached skill level 3 in Axes
   779 | D:2      | Reached XP level 3. HP: 30/33 MP: 2/2
   814 | D:2      | Found an iron altar of Okawaru.
   822 | D:2      | Found a stormy altar of Qazlal.
  1304 | D:2      | Found a glowing golden altar of the Shining One.
  1311 | D:2      | Became a worshipper of the Shining One
  1482 | D:2      | Reached XP level 4. HP: 40/40 MP: 3/3
  1571 | D:3      | Found a basalt altar of Yredelemnul.
  1710 | D:3      | Reached skill level 4 in Axes
  1712 | D:3      | Reached XP level 5. HP: 37/46 MP: 4/4
  1834 | D:3      | Found a faded altar of an unknown god.
  1956 | D:3      | Reached skill level 5 in Shields
  1969 | D:3      | Found a shadowy altar of Dithmenos.
  2068 | D:3      | Found a sparkling altar of Nemelex Xobeh.
  2120 | D:3      | Found a burning altar of Makhleb.
  2231 | D:4      | Noticed a phantom
  2242 | D:4      | Killed a phantom
  2242 | D:4      | Reached skill level 5 in Axes
  2242 | D:4      | Reached XP level 6. HP: 48/53 MP: 5/5
  2251 | D:4      | You fall through a shaft for 2 floors!
  2405 | D:6      | Reached skill level 6 in Axes
  2489 | D:5      | Entered Level 5 of the Dungeon
  2496 | D:5      | Reached * piety under the Shining One
  2496 | D:5      | Reached XP level 7. HP: 60/60 MP: 6/6
  2511 | D:5      | Reached skill level 5 in Fighting
  2642 | D:5      | Reached skill level 7 in Axes
  2642 | D:5      | Reached skill level 5 in Armour
  2652 | D:4      | Found a deep blue altar of Sif Muna.
  2673 | D:5      | Found a snail-covered altar of Cheibriados.
  2686 | D:5      | Noticed Sigmund
  2693 | D:5      | Killed Sigmund
  2693 | D:5      | Reached skill level 8 in Axes
  2726 | D:5      | Noticed Pikel
  2737 | D:5      | Killed Pikel
  2737 | D:5      | Reached skill level 9 in Axes
  2737 | D:5      | Reached XP level 8. HP: 52/70 MP: 7/7
  3368 | D:5      | Reached skill level 10 in Axes
  3377 | D:5      | Found a hazy altar of Hepliaklqana.
  3847 | D:6      | Got a smoking broad axe
  3848 | D:6      | Identified the +3 broad axe "Xouxec" {freeze, Int+4} (You found it on level 6 of the Dungeon)
  4434 | D:6      | Found a blossoming altar of Fedhas.
  4437 | D:6      | Found a sacrificial altar of Ru.
  4440 | D:6      | Found a radiant altar of Vehumet.
  4588 | D:7      | Reached XP level 9. HP: 78/78 MP: 8/8
  4593 | D:7      | Found a white marble altar of Elyvilon.
  4653 | D:7      | Reached ** piety under the Shining One
  4855 | D:7      | Reached skill level 11 in Axes
  5292 | D:7      | Found a staircase to the Ecumenical Temple.
  5565 | D:8      | Reached skill level 12 in Axes
  5812 | D:8      | Found an ornate altar of the Wu Jian Council.
  5947 | D:8      | Found Ruydoep's Food Boutique.
  5975 | D:8      | Reached XP level 10. HP: 63/88 MP: 9/9
  6412 | D:9      | Found Paodghodu's Antique Armour Boutique.
  6418 | D:9      | Bought a pair of runed boots for 172 gold pieces
  6447 | D:9      | Found Emihaim's Food Shop.
  6619 | D:9      | Reached *** piety under the Shining One
  6651 | D:9      | Found Sitausho's Antique Weapon Boutique.
  6711 | D:9      | Noticed a two-headed ogre
  6718 | D:9      | Killed a two-headed ogre
  6718 | D:9      | Reached skill level 13 in Axes
  6910 | D:9      | Noticed Kagorn's ghost (novice GrFi)
  6910 | D:9      | Found Pues's Magic Scroll Emporium.
  6921 | D:9      | Killed Kagorn's ghost
  7014 | D:9      | Found an ancient bone altar of Kikubaaqudgha.
  7014 | D:9      | Found a hide-covered altar of Uskayaw.
  7048 | D:9      | Found a staircase to the Orcish Mines.
  7051 | D:9      | Found a roughly hewn altar of Beogh.
  7311 | D:10     | Entered Level 10 of the Dungeon
  7333 | D:10     | Reached skill level 14 in Axes
  7612 | D:10     | Reached **** piety under the Shining One
  7721 | D:10     | Noticed Grum
  7731 | D:10     | Reached XP level 11. HP: 92/97 MP: 10/10
  7735 | D:10     | Killed Grum
  7937 | D:10     | Found the amulet of the Air {Inacc +Fly rElec EV+5 RMsl}
  8069 | D:10     | Noticed inc's ghost (novice FeTm)
  8081 | D:10     | Killed inc's ghost
  8129 | D:11     | Reached skill level 1 in Invocations
  8223 | D:11     | Reached skill level 15 in Axes
  8241 | D:11     | Noticed diana's ghost (journeyman MfGl)
  8293 | D:11     | Killed diana's ghost
  8299 | D:11     | Found Mesheis's Book Emporium.
  8302 | D:11     | Found a staircase to the Lair.
  8325 | D:11     | Found a labyrinth entrance.
  8341 | Lab      | Entered a labyrinth
  9524 | Lab      | Noticed a minotaur
  9534 | Lab      | Killed a minotaur
  9534 | Lab      | Reached skill level 10 in Fighting
  9534 | Lab      | Reached skill level 10 in Shields
  9545 | Lab      | Identified Puubes's Collected Works on the Bewitching Entourage
  9594 | D:11     | Noticed a seven-headed hydra
  9610 | D:11     | Killed a 15-headed hydra
  9873 | Lair:1   | Entered Level 1 of the Lair of Beasts
  9919 | Lair:1   | Found the +8 frozen axe "Frostbite" {freezing cloud, *Noise +Fly rC+}
 10106 | Lair:1   | Reached XP level 12. HP: 107/107 MP: 12/12
 10188 | Lair:1   | Noticed a seven-headed hydra
 10196 | Lair:1   | Killed a 12-headed hydra
 10664 | Lair:2   | Reached skill level 16 in Axes
 10699 | Lair:2   | Reached skill level 10 in Armour
 10800 | Lair:2   | Found a hole to the Spider Nest.
 11031 | Lair:2   | Noticed a seven-headed hydra
 11040 | Lair:2   | Killed an 11-headed hydra
 11191 | Lair:2   | Noticed a four-headed hydra
 11201 | Lair:2   | Killed a nine-headed hydra
 11373 | Lair:2   | Noticed a catoblepas
 11386 | Lair:2   | Noticed a five-headed hydra
 11389 | Lair:2   | Killed a catoblepas
 11411 | Lair:2   | Killed a 12-headed hydra
 12554 | Lair:4   | Reached skill level 17 in Axes
 12610 | Lair:4   | Reached XP level 13. HP: 78/116 MP: 15/15
 12802 | Lair:4   | Found a staircase to the Swamp.
 13590 | Lair:5   | Found a staircase to the Slime Pits.
 14222 | Lair:6   | Entered Level 6 of the Lair of Beasts
 14222 | Lair:6   | Found a glowing silver altar of Zin.
 14384 | Lair:6   | Reached skill level 18 in Axes
 14984 | Lair:6   | Reached XP level 14. HP: 117/127 MP: 16/16
 15433 | Lair:6   | Reached ***** piety under the Shining One
 15725 | Lair:6   | Reached skill level 5 in Invocations
 16645 | Orc:1    | Entered Level 1 of the Orcish Mines
 16725 | Orc:1    | Found a dark tunnel.
 16755 | Volcano  | Entered a volcano
 17086 | Volcano  | Found a bloodstained altar of Trog.
 17716 | Orc:2    | Entered Level 2 of the Orcish Mines
 17779 | Orc:2    | Found a staircase to the Elven Halls.
 17795 | Orc:2    | Found a burning altar of Makhleb.
 18175 | Orc:2    | Reached ****** piety under the Shining One
 18186 | Orc:2    | Reached skill level 19 in Axes
 18187 | Orc:2    | HP: 2/195 [orc priest/divine providence (13)]
 18191 | Orc:2    | Killed from afar by an orc priest

Skill      XL: |  1  2  3  4  5  6  7  8  9 10 11 12 13 14 |
---------------+-------------------------------------------+-----
Fighting       | 4 6 7 9 10 11 12 13 | 13.8
Armour         | 4 5 7 8 9 11 12 | 12.8
Shields        | 4 5 6 8 9 10 11 12 13 | 13.9
Axes           | 3 4 5 6 9 10 12 14 15 17 18 19 | 19.0
Invocations    | 2 4 6 |  6.2

Action                   |  1- 3 |  4- 6 |  7- 9 | 10-12 | 13-15 || total
-------------------------+-------+-------+-------+-------+-------++-------
Melee: War axe           |   132 |    96 |   102 |       |       ||   330
       Headbutt          |    16 |    12 |    38 |   106 |   146 ||   318
       Broad axe         |       |       |   103 |   549 |   697 ||  1349
Invok: Divine Shield     |       |       |       |     9 |     6 ||    15
Evoke: Wand              |       |       |       |       |     1 ||     1
  Use: Scroll            |       |       |       |    12 |     8 ||    20
       Potion            |       |       |       |       |     6 ||     6
  Eat: Chunk             |     2 |     2 |    12 |    12 |    12 ||    40
       Ration            |       |       |     1 |     3 |     2 ||     6
Armor: Scale mail        |    11 |       |       |       |       ||    11
       Plate armour      |    92 |    53 |    94 |   224 |   194 ||   657
Dodge: Dodged            |    39 |    13 |    27 |   140 |   191 ||   410
       Deflected         |       |       |       |     2 |       ||     2
Block: Shield            |    86 |    57 |    86 |   287 |   422 ||   938
